 Dungeon Crawl Stone Soup version 0.27.1-33-g824d729ab1 (webtiles) character file.

Game seed: 13820762121048376127

10918 Fortus the Grappler (level 11, -17/111 HPs)
             Began as a Troll Monk on Dec 12, 2021.
             Was a Priest of the Shining One.
             Demolished by a quicksilver ooze (23 damage)
             ... on level 3 of the Lair of Beasts.
             The game lasted 00:29:45 (9925 turns).

Fortus the Grappler (Troll Monk)                    Turns: 9925, Time: 00:29:46

Health: -17/111    AC:  8    Str: 24    XL:     11   Next: 42%
Magic:  1/15       EV: 26    Int:  6    God:    the Shining One [***...]
Gold:   449        SH:  8    Dex: 12    Spells: 10/10 levels left

rFire    . . .     SeeInvis .     - Unarmed
rCold    . . .     Faith    .   (no shield)
rNeg     + . .     Spirit   .   A - +0 steam dragon scales
rPois    .         Reflect  .   (helmet restricted)
rElec    .         Harm     .   m - +0 cloak
rCorr    .         Rampage  .   (gloves unavailable)
Will     .....                  (boots unavailable)
Stlth    +.........             r - amulet of the acrobat
HPRegen  1.28/turn              j - ring of flight
MPRegen  0.14/turn              (no ring)

@: divinely shielded, acrobatic, flying, glowing
A: large, unfitting armour, claws 3, regeneration 1, shaggy fur 1, tough skin 1
a: Renounce Religion, Divine Shield


You were on level 3 of the Lair of Beasts.
You worshipped the Shining One.
The Shining One was most pleased with you.
You visited 3 branches of the dungeon, and saw 13 of its levels.
You also visited: Gauntlet.

You collected 449 gold pieces.

Inventory:

Missiles
 l - a throwing net
 z - 4 large rocks (quivered)
Armour
 a - a +0 robe
 m - a +0 cloak (worn)
 A - +0 steam dragon scales (worn)
Jewellery
 j - a ring of flight (left claw)
 n - a ring of magical power
 o - a ring of positive energy
 r - an amulet of the acrobat (around neck)
 D - a ring of protection from fire
Wands
 k - a wand of flame (6)
 u - a wand of polymorph (25)
 x - a wand of iceblast (8)
 C - a wand of acid (8)
Scrolls
 b - 2 scrolls of amnesia
 e - 2 scrolls of blinking
 f - 2 scrolls of identify
 g - 3 scrolls of enchant armour
 h - a scroll of silence {unknown}
 i - 2 scrolls of teleportation {unknown}
 s - 2 scrolls of enchant weapon {unknown}
 v - 2 scrolls of vulnerability {unknown}
 y - a scroll of torment {unknown}
 B - a scroll of fog
 E - a scroll of acquirement {unknown}
Potions
 c - 7 potions of curing
 d - a potion of resistance
 p - 2 potions of might


   Skills:
 + Level 7.8 Fighting
 - Level 4.4 Dodging
 - Level 1.0 Stealth
 * Level 13.1 Unarmed Combat
 - Level 7.0 Invocations


You had 10 spell levels left.
You didn't know any spells.
Your spell library contained the following spells:

 Spells                   Type           Power      Damage    Failure   Level
 Corona                   Hex            0%         N/A       45%         1
 Freeze                   Ice            0%         1d3       45%         1
 Blink                    Tloc           N/A        N/A       58%         2
 Ensorcelled Hibernation  Hex/Ice        0%         N/A       58%         2
 Passwall                 Tmut/Erth      0%         N/A       58%         2
 Frozen Ramparts          Ice            0%         1d2       83%         3
 Stone Arrow              Conj/Erth      0%         3d7       83%         3
 Swiftness                Air            0%         N/A       83%         3
 Tukima's Dance           Hex            0%         N/A       83%         3
 Hailstorm                Conj/Ice       0%         3d3       99%         4
 Olgreb's Toxic Radiance  Pois           0%         N/A       99%         4
 Bolt of Magma            Conj/Fire/Erth 0%         4d4       100%        5
 Manifold Assault         Tloc           0%         N/A       100%        5
 Invisibility             Hex            0%         N/A       100%        6
 Ozocubu's Refrigeration  Ice            0%         4d5       100%        7
 Storm Form               Tmut/Air       0%         N/A       100%        7
 Ignition                 Fire           0%         3d3       100%        8
 Shatter                  Erth           0%         3d5*      100%        9


Dungeon Overview and Level Annotations

Branches:
Dungeon (9/15)             Temple (1/1) D:7            Lair (3/6) D:8
  Swamp (0/4) Lair:3      Gauntlet (visited)
  Snake: Lair:2-4    Spider: Lair:2-4       Orc: D:9-12

Altars:
Ashenzari
Cheibriados
Dithmenos
Fedhas
Gozag
Hepliaklqana
Kikubaaqudgha
Nemelex Xobeh
Okawaru
Qazlal
Ru
Sif Muna
Trog
Uskayaw
Vehumet
Wu Jian
Xom
Yredelemnul
Zin
The Shining One
Jiyva

Shops:
D:1 [(   D:6 (   D:7 =

Annotations:
Lair:3 Luuwnalu's ghost, journeyman KoHu


Innate Abilities, Weirdness & Mutations

You are too large for most types of armour.
You have claws for hands.
Your natural rate of healing is unusually fast.
You are covered in fur. (AC +1)
You have tough skin. (AC +1)


Message History

You block the quicksilver ooze's attack.
The quicksilver ooze completely misses you.
The quicksilver ooze hits you!
* * * LOW HITPOINT WARNING * * *
The quicksilver ooze engulfs you!
You block the quicksilver ooze's attack.
You slip free of the ooze engulfing you.
You gasp with relief as air once again reaches your lungs.
The quicksilver ooze misses you.
The quicksilver ooze completely misses you.
The quicksilver ooze barely misses you.
The quicksilver ooze hits you but does no damage.
The quicksilver ooze closely misses you.
The quicksilver ooze hits you.
* * * LOW HITPOINT WARNING * * *
You feel your power leaking away. The quicksilver ooze hits you!
* * * LOW HITPOINT WARNING * * *
The quicksilver ooze engulfs you! The quicksilver ooze misses you.
You slip free of the ooze engulfing you.
You gasp with relief as air once again reaches your lungs.
The quicksilver ooze hits you!
* * * LOW HITPOINT WARNING * * *
The quicksilver ooze engulfs you!
The quicksilver ooze closely misses you.
You slip free of the ooze engulfing you.
You gasp with relief as air once again reaches your lungs.
The quicksilver ooze closely misses you.
The quicksilver ooze misses you.
You feel better. The quicksilver ooze hits you!
* * * LOW HITPOINT WARNING * * *
The quicksilver ooze engulfs you!
The quicksilver ooze hits you but does no damage.
The quicksilver ooze hits you. x2
* * * LOW HITPOINT WARNING * * *
You feel your power leaking away.
You slip free of the ooze engulfing you.
You gasp with relief as air once again reaches your lungs.
The quicksilver ooze hits you!!
You die...

### ##..#.... .. ###...... ..#
####........ ...#
####...........
###...######.##...........
.#P#......#P.#.............
#...........P.W.............
#P..............#.............
##............@J.#.J...........
#...............###..J.........
###.............##
#............ ...............#
##........... #..........>###
##.......... ##............#
#.......... #......รท.....##
###........ #..........###
#........ ##...>....##
#.P...###


You could see a quicksilver ooze and Luuwnalu's ghost.

Vanquished Creatures
  2 two-headed ogres
  3 centaur zombies
  Joseph (D:8)
  3 black mambas (Lair:3)
  3 cane toads (Lair:1)
  3 rime drakes
  2 komodo dragons
  A hornet (D:7)
  4 yaks
  A wyvern (Lair:1)
  A steam dragon (D:7)
  Edmund (D:4)
  7 water moccasins
  2 sky beasts
  An orc warrior (D:9)
  2 necrophages
  3 black bears
  An ogre (D:7)
  3 centaurs
  A phantom (D:4)
  7 bullfrogs
  A scorpion (D:5)
  3 water moccasin zombies
  A wyvern skeleton (D:5)
  A water moccasin skeleton (D:7)
  15 killer bees (D:9)
  5 wights
  A howler monkey (D:6)
  A bullfrog zombie (D:7)
  8 hounds
  A gnoll shaman (D:6)
  A centaur skeleton (D:6)
  3 orc priests
  3 bullfrog skeletons
  3 iguanas
  2 orc wizards
  Natasha (thrice) (D:2)
  A hound zombie (D:5)
  2 hound skeletons (D:4)
  12 gnolls
  8 adders
  2 shadow imps
  An adder zombie (D:5)
  2 adder skeletons (D:4)
  2 worms (D:4)
  4 dart slugs
  14 orcs
  5 endoplasms
  3 giant cockroaches
  4 goblins
  11 hobgoblins
  4 quokkas
  11 ball pythons
  9 bats
  3 frilled lizards
  6 kobolds
208 creatures vanquished.

Vanquished Creatures (others)
  11 fungi
  25 plants
  13 withered plants (Gauntlet)
49 creatures vanquished.

Grand Total: 257 creatures vanquished

Notes
Turn   | Place    | Note
-------+----------+-------------------------------------------
     0 | D:1      | Fortus the Troll Monk began the quest for the Orb.
     0 | D:1      | Reached XP level 1. HP: 22/22 MP: 0/0
   176 | D:1      | Found Dutt's Weapon Emporium.
   280 | D:1      | Found Xegrumoe's Antique Armour Boutique.
   335 | D:1      | Reached XP level 2. HP: 29/29 MP: 1/1
   454 | D:1      | Reached skill level 4 in Unarmed Combat
   934 | D:2      | Reached XP level 3. HP: 36/36 MP: 2/2
  1142 | D:2      | Noticed Natasha
  1152 | D:2      | Killed Natasha
  1153 | D:2      | Reached skill level 5 in Unarmed Combat
  1153 | D:2      | Reached XP level 4. HP: 42/44 MP: 3/3
  1163 | D:2      | Noticed Natasha
  1171 | D:2      | Killed Natasha
  1882 | D:2      | Noticed Natasha
  1898 | D:2      | Killed Natasha
  1899 | D:2      | Reached XP level 5. HP: 23/50 MP: 4/4
  1946 | D:3      | Found a faded altar of an unknown god.
  2194 | D:3      | Noticed a black bear
  2203 | D:3      | Killed a black bear
  2204 | D:3      | Reached skill level 6 in Unarmed Combat
  2650 | D:3      | Reached XP level 6. HP: 42/59 MP: 5/5
  2658 | D:3      | Reached skill level 7 in Unarmed Combat
  3210 | D:4      | Reached skill level 8 in Unarmed Combat
  3238 | D:4      | Reached XP level 7. HP: 63/66 MP: 6/6
  3259 | D:4      | Found a glowing silver altar of Zin.
  3362 | D:4      | Noticed Edmund
  3372 | D:4      | Killed Edmund
  3646 | D:5      | Entered Level 5 of the Dungeon
  3743 | D:5      | Reached skill level 9 in Unarmed Combat
  3980 | D:5      | Noticed a yak
  3993 | D:5      | Reached XP level 8. HP: 70/74 MP: 7/7
  3999 | D:5      | Reached skill level 10 in Unarmed Combat
  4186 | D:5      | Found a sacrificial altar of Ru.
  4382 | D:5      | Reached skill level 11 in Unarmed Combat
  4625 | D:6      | HP: 2/69 [wight (3)]
  4709 | D:6      | Found Keopnag's Antique Weapon Emporium.
  4883 | D:6      | Reached XP level 9. HP: 80/80 MP: 8/8
  4971 | D:6      | Found an iron altar of Okawaru.
  4971 | D:6      | Found a snail-covered altar of Cheibriados.
  4971 | D:6      | Found a shimmering blue altar of Sif Muna.
  5289 | D:7      | Found Ubukur's Jewellery Shop.
  5463 | D:7      | Found a staircase to the Ecumenical Temple.
  5505 | Temple   | Entered the Ecumenical Temple
  5751 | Temple   | Became a worshipper of the Shining One
  5751 | Temple   | Reached * piety under the Shining One
  5751 | Temple   | Reached ** piety under the Shining One
  5834 | D:7      | Reached skill level 5 in Fighting
  6234 | D:8      | Noticed Joseph
  6454 | D:8      | Found a staircase to the Lair.
  6512 | D:8      | Noticed a two-headed ogre
  6518 | D:8      | Killed a two-headed ogre
  6519 | D:8      | Reached XP level 10. HP: 98/98 MP: 8/10
  6556 | D:8      | Killed Joseph
  6557 | D:8      | Reached skill level 12 in Unarmed Combat
  7371 | D:9      | Reached skill level 5 in Invocations
  7446 | D:9      | Noticed a two-headed ogre
  7453 | D:9      | Killed a two-headed ogre
  7909 | Lair:1   | Entered Level 1 of the Lair of Beasts
  8149 | Lair:1   | Noticed a cane toad
  8169 | Lair:1   | Killed a cane toad
  8170 | Lair:1   | Reached XP level 11. HP: 109/109 MP: 14/14
  8934 | Lair:2   | Noticed a five-headed hydra
  9082 | Lair:3   | Found a runed translucent gate.
  9086 | Lair:3   | Found a runed translucent gate.
  9086 | Lair:3   | Found a runed translucent gate.
  9088 | Lair:3   | Noticed a quicksilver ooze
  9088 | Lair:3   | Noticed Luuwnalu's ghost (journeyman KoHu)
  9162 | Lair:3   | Reached *** piety under the Shining One
  9171 | Lair:3   | Reached skill level 13 in Unarmed Combat
  9227 | Lair:3   | Found a staircase to the Swamp.
  9247 | Lair:3   | Found a gate leading to a gauntlet.
  9256 | Gauntlet | Entered a Gauntlet
  9256 | Gauntlet | Found a large runed translucent door.
  9256 | Gauntlet | Found a large runed translucent door.
  9256 | Gauntlet | Found a large runed translucent door.
  9256 | Gauntlet | Found a large runed translucent door.
  9256 | Gauntlet | Found a large runed translucent door.
  9256 | Gauntlet | Found a large runed translucent door.
  9256 | Gauntlet | Found a runed translucent door.
  9256 | Gauntlet | Found a transporter.
  9256 | Gauntlet | Found a transporter.
  9256 | Gauntlet | Found a runed translucent door.
  9256 | Gauntlet | Found a large runed translucent door.
  9256 | Gauntlet | Found a large runed translucent door.
  9256 | Gauntlet | Found a large runed translucent door.
  9256 | Gauntlet | Found a large runed translucent door.
  9256 | Gauntlet | Found a large runed translucent door.
  9256 | Gauntlet | Found a large runed translucent door.
  9260 | Gauntlet | Found a transporter.
  9260 | Gauntlet | Found a transporter.
  9274 | Gauntlet | Found a transporter.
  9282 | Gauntlet | Noticed an obsidian statue
  9283 | Gauntlet | Found a transporter.
  9292 | Gauntlet | Noticed a blizzard demon
  9293 | Gauntlet | Found a transporter.
  9293 | Gauntlet | Found a transporter.
  9293 | Gauntlet | Noticed a dire elephant
  9298 | Gauntlet | Found a transporter.
  9325 | Gauntlet | Found a transporter.
  9332 | Gauntlet | Found a transporter.
  9345 | Gauntlet | Found a large runed translucent door.
  9346 | Gauntlet | Found a large runed translucent door.
  9348 | Gauntlet | Found a runed translucent gate.
  9349 | Gauntlet | Found a runed translucent gate.
  9350 | Gauntlet | Found a transporter.
  9350 | Gauntlet | Found a runed translucent gate.
  9368 | Gauntlet | Found a large runed translucent door.
  9369 | Gauntlet | Found a large runed translucent door.
  9395 | Gauntlet | Found a transporter.
  9401 | Gauntlet | Noticed a necromancer
  9413 | Gauntlet | Noticed a death yak
  9414 | Gauntlet | Noticed a death yak
  9416 | Gauntlet | Found a transporter.
  9416 | Gauntlet | Noticed a death yak
  9512 | Gauntlet | Found a transporter.
  9520 | Gauntlet | Noticed a wolf spider
  9522 | Gauntlet | Reached **** piety under the Shining One
  9526 | Gauntlet | Found a transporter.
  9689 | Lair:3   | Found a viscous altar of Jiyva.
  9920 | Lair:3   | HP: 4/111 [quicksilver ooze (10)]
  9925 | Lair:3   | Demolished by a quicksilver ooze

Illustrated notes

Levels and vault maps discovered:
D:1:      dpeg_arrival_circle_labyrinth_c, layout_loops_ring, serial_shops,
          shop, shop, minmay_misc_feat_plants
D:2:      layout_basic, uniq_natasha
D:3:      layout_loops_corners, dreamdust_ecumenical_altar_grove,
          cheibrodos_gnoll_hut
D:4:      layout_basic, zin_scriptorium, uniq_edmund
D:5:      minmay_opposing_rooms, layout_loops_ring, lemuel_tele_altar
D:6:      layout_rooms, gammafunk_temple_overflow_forgotten, serial_glass,
          glass_columns_a, glass_columns_c, kennysheep_windowed_goal
D:7:      layout_loops_ring, minmay_temple_entry_antechambers, serial_shops,
          nicolae_diamond_shop, kennysheep_generic_room_7
D:8:      layout_cave_pods, lair_entry_dummy, uniq_joseph
D:9:      layout_loops_ring, serial_park_tiny_pond
Temple:   regret_index_temple_generic_petals
Lair:1:   layout_hall_layers
Lair:2:   layout_long_grid, minivault_11, chequers_serial_rivers_micro_b,
          chequers_serial_rivers_marsh, patterned_corridor
Lair:3:   layout_cave_pods, swamp_mist, gammafunk_ghost_ooze,
          gauntlet_entry_generic, lemuel_fruit_tree

Skill      XL: |  1  2  3  4  5  6  7  8  9 10 11 |
---------------+----------------------------------+-----
Unarmed Combat | 4 5 6 8 9 11 12 13 | 13.1
Fighting       | 6 7 |  7.8
Dodging        | 4 |  4.4
Invocations    | 2 6 7 |  7.0
Stealth        | |  1.0

Action                   |  1- 3 |  4- 6 |  7- 9 | 10-12 || total
-------------------------+-------+-------+-------+-------++-------
Melee: Unarmed           |    85 |   132 |   252 |   190 ||   659
       Punch             |       |     6 |     9 |    11 ||    26
Invok: Divine Shield     |       |       |       |     3 ||     3
  Use: Scroll            |       |       |       |    10 ||    10
       Potion            |       |       |       |     1 ||     1
 Stab: Sleeping          |     3 |     3 |     1 |       ||     7
Armor: Robe              |    26 |    51 |    39 |       ||   116
       Steam dragon scal |       |       |     4 |    37 ||    41
Dodge: Dodged            |    34 |    83 |   166 |   136 ||   419
Block: Other             |       |       |       |    16 ||    16
